 Dungeon Crawl Stone Soup version 0.28-a0-48-gfd831c5874 (webtiles) character file.

Game seed: 5239198246054871760

25 flotson the Sneak (level 2, 0/24 HPs)
             Began as a Demonspawn Delver on July 29, 2021.
             Slain by an orc (5 damage)
             ... on level 3 of the Dungeon.
             The game lasted 00:01:11 (670 turns).

flotson the Sneak (Demonspawn Delver)                Turns: 670, Time: 00:01:11

Health: 0/24       AC:  3    Str: 12    XL:     2   Next: 82%
Magic:  2/2        EV: 12    Int: 11    God:
Gold:   12         SH:  0    Dex: 14    Spells: 1/1 levels left

rFire   . . .      SeeInvis .   a - +0 hand axe
rCold   . . .      Faith    .   (no shield)
rNeg    . . .      Spirit   .   b - +0 leather armour
rPois   .          Reflect  .   (helmet restricted)
rElec   .          Harm     .   (no cloak)
rCorr   .          Rampage  .   (no gloves)
Will    .....                   (no boots)
Stlth   ++........              (no amulet)
HPRegen 0.08/turn               (no ring)
MPRegen 0.08/turn               (no ring)

@: no status effects
A: antennae 1
a: no special abilities


You were on level 3 of the Dungeon.
You visited 1 branch of the dungeon, and saw 3 of its levels.

You collected 12 gold pieces.

Inventory:

Hand Weapons
 a - a +0 hand axe (weapon)
Missiles
 i - 2 boomerangs (quivered)
Armour
 b - a +0 leather armour (worn)
Wands
 g - a wand of digging (3)
Scrolls
 c - a scroll of fog
 d - a scroll of enchant armour {unknown}
 f - a scroll of immolation {unknown}
Potions
 h - a potion of curing {unknown}
 j - a potion of degeneration {unknown}


   Skills:
 + Level 3.2 Fighting
 + Level 2.1 Axes
 + Level 0.5 Throwing
 + Level 0.8 Armour
 + Level 2.1 Dodging
 - Level 4.5 Stealth


You had one spell level left.
You didn't know any spells.
Your spell library was empty.

Dungeon Overview and Level Annotations

Branches:
Dungeon (5/15)
 Temple: D:4-7

Altars:
Trog
Beogh

Annotations:
D:5 1 transporter, Duvessa


Innate Abilities, Weirdness & Mutations

You have a pair of small antennae on your head.


Message History

You hit the orc.
The orc is lightly wounded.
An orc comes into view. It is wielding a +0 short sword.
The orc completely misses you.
You slash the orc!
You kill the orc!
An orc comes into view. It is wielding a +0 whip.
The orc shouts!
You hit the orc.
The orc is heavily wounded.
The orc misses you.
You hit the orc but do no damage.
The orc is heavily wounded.
The orc closely misses you.
You closely miss the orc.
The orc is heavily wounded.
The orc hits you with a +0 short sword.
You barely miss the orc.
The orc is heavily wounded.
You hit the orc. The orc hits you with a +0 flail. The orc barely misses you.
You hit the orc.
You kill the orc!
You hit the orc. x2; The orc barely misses you.
The orc hits you with a +0 short sword.
You hit the orc.
You kill the orc!
You hit the orc.
The orc hits you with a +0 short sword. x2
The orc closely misses you.
There is a fountain of clear blue water here.
You barely miss the orc. The orc hits you with a +0 whip.
* * * LOW HITPOINT WARNING * * *
You hit the orc.
The orc is almost dead.
The orc completely misses you.
You slash the orc!
You kill the orc!
You closely miss the orc.
The orc is heavily wounded.
The orc hits you with a +0 short sword.
You die...

#§..§#§#....# #..§........#
#.........# ....# ###.......#
#.#... . #.##))...## ....###
..####.........##### ....#..
...........⌠........ ......
....##.......#########..#.###
.......†.....o@.....÷........
.####.......########........
#.......# ##......##
#.......# #...###.##
#.......#######...##...#
###.######..........._.. ##.#
#.............# #.÷#
#...........### #.##
#...........#


You could see an orc.

Vanquished Creatures
  An adder (D:3)
  6 orcs
  2 ball pythons (D:3)
9 creatures vanquished.

Notes
Turn   | Place    | Note
-------+----------+-------------------------------------------
     0 | D:5      | flotson the Demonspawn Delver began the quest for the Orb.
     0 | D:5      | Reached XP level 1. HP: 18/18 MP: 1/1
    33 | D:5      | Noticed Duvessa
    33 | D:5      | Noticed a jelly
    40 | D:5      | Noticed an orc wizard
   135 | D:5      | Found a transporter.
   136 | D:5      | Noticed a kobold demonologist
   140 | D:5      | Noticed an ice beast
   318 | D:3      | Found a bloodstained altar of Trog.
   333 | D:3      | Gained mutation: You have a pair of small antennae on your
                  | head. [demonic ancestry]
   333 | D:3      | Reached XP level 2. HP: 9/24 MP: 2/2
   343 | D:3      | HP: 1/24 [frozen (3)]
   354 | D:3      | HP: 1/24 [ball python (1)]
   670 | D:3      | Slain by an orc

Illustrated notes

Levels and vault maps discovered:
D:3:      layout_rooms, trog_three_pillars_becter,
          hellmonk_ecumenical_altar_defaced_shrine, minmay_starry_boxes,
          uniq_natasha
D:4:      layout_gridville, mainiacjoe_overflow_concentric_impassable,
          old_standard_altar
D:5:      gammafunk_wand_slinger, layout_basic,
          chequers_temple_overflow_statue_of_worship, uniq_duvessa

Skill      XL: |  1 |
---------------+----+-----
Axes           | 2 |  2.1
Dodging        | 2 |  2.1
Fighting       | |  3.2
Throwing       | |  0.5
Armour         | |  0.8
Stealth        | |  4.5

Action                   || total
-------------------------++-------
Melee: Hand axe          ||    37
  Use: Scroll            ||     2
       Potion            ||     1
 Stab: Sleeping          ||     1
Armor: Leather armour    ||     7
Dodge: Dodged            ||    22

Table legend: (Time is in decaauts)
 A = Elapsed time spent in this place.
 B = Non-inter-level travel time spent in this place.
 C = Inter-level travel time spent in this place.
 D = Time resting spent in this place.
 E = Time spent auto-exploring this place.
 F = Levels seen in this place.
 G = Mean time per level.
                   A        B        C        D        E       F      G
               +--------+--------+--------+--------+--------+-----+--------+
         Total |    656 |    656 |      0 |    333 |    153 |   3 |  218.7 |
       Dungeon |    656 |    656 |      0 |    333 |    153 |   3 |  218.7 |
               +--------+--------+--------+--------+--------+-----+--------+

Top non-repeatable levels by time:
     D:3: 441 daAuts
     D:5: 151 daAuts
     D:4: 63 daAuts
